TOP OF THE 1ST |
West Michigan Whitecaps batting - Pitching for Bowling Green Hot Rods : LHP Dave Lindsay
|
Pitching: LHP Dave Lindsay
|
|
Batting: SHB Willie Medina
|
0-0: Ball 1-0: Called Strike 1-1: Ball 2-1: Fly out, F9 (Flyball, 9LS, EV 93.1 MPH)
|
Batting: LHB Nick Nino
|
0-0: Called Strike 0-1: Ball 1-1: Ball 2-1: Ball 3-1: Ground out 3-1 (Groundball, 34, EV 90.6 MPH)
|
Batting: LHB Jamie Christian
|
0-0: Called Strike 0-1: Ball 1-1: Fly out, F7 (Flyball, 78M, EV 85.0 MPH)
|
Top of the 1st over - 0 runs, 0 hits, 0 errors, 0 left on base; West Michigan 0 - Bowling Green 0 |
BOTTOM OF THE 1ST |
Bowling Green Hot Rods batting - Pitching for West Michigan Whitecaps : LHP Jim Daum
|
Pitching: LHP Jim Daum
|
|
Batting: RHB Jesse Haddad
|
0-0: Ball 1-0: Called Strike 1-1: Foul Ball, location: 2F 1-2: Ball 2-2: Ball 3-2: Base on Balls
|
Batting: RHB Kunizo Yanagisawa
|
0-0: Called Strike 0-1: Ball 1-1: Called Strike Jesse Haddad steals 2nd base 1-2: Foul Ball, location: 2F 1-2: Ball 2-2: Foul Ball, location: 2F 2-2: SINGLE (Groundball, 56D, EV 95.6 MPH) Jesse Haddad to third
|
Batting: SHB Wayne Hattan
|
0-0: Called Strike Kunizo Yanagisawa steals 2nd base 0-1: Ball 1-1: Swinging Strike 1-2: Foul Ball, location: 2F 1-2: Ball 2-2: Ball 3-2: Base on Balls
|
Batting: RHB Adam Turpin
|
0-0: Foul Ball, location: 2F 0-1: Ball 1-1: Ball 2-1: SINGLE (Line Drive, 9S, EV 97.5 MPH) Jesse Haddad scores Kunizo Yanagisawa to third Wayne Hattan to second Runner from 3rd tries for Home, SAFE, throw by RF to home
|
Batting: RHB Jason Penfield
|
0-0: Called Strike 0-1: DOUBLE (Line Drive, 7LM, EV 106.9 MPH) Wayne Hattan scores Adam Turpin to third
|
Batting: RHB Alex Zamora
|
0-0: DOUBLE (Groundball, 3L, EV 101.2 MPH) Adam Turpin scores Jason Penfield scores
|
Batting: RHB Jim Erdody
|
0-0: Called Strike 0-1: Called Strike 0-2: Ball 1-2: Foul Ball, location: 2F 1-2: Foul Ball, location: 2F 1-2: Ball 2-2: Foul Ball, location: 2F 2-2: Strikes out swinging
|
Batting: RHB Eric Waugaman
|
0-0: Ball 1-0: Foul Ball, location: 2F 1-1: Ball 2-1: Foul Ball, location: 2F 2-2: Fly out, F9 (Line Drive, 9, EV 98.1 MPH)
|
Batting: RHB Chris Glavin
|
0-0: Called Strike 0-1: Ball 1-1: Foul Ball, location: 2F 1-2: Ball 2-2: Foul Ball, location: 2F 2-2: Foul Ball, location: 2F 2-2: Foul Ball, location: 2F 2-2: SINGLE (Line Drive, 4D, EV 102.5 MPH) Alex Zamora to third
|
Batting: RHB Jesse Haddad
|
0-0: Ball 1-0: Ball 2-0: Ball 3-0: Called Strike 3-1: Ground out 1-3 (Groundball, 13S, EV 74.4 MPH)
|
Bottom of the 1st over - 5 runs, 5 hits, 0 errors, 2 left on base; West Michigan 0 - Bowling Green 5 |
TOP OF THE 2ND |
West Michigan Whitecaps batting - Pitching for Bowling Green Hot Rods : LHP Dave Lindsay
|
Batting: RHB Jon Goldstein
|
0-0: Ball 1-0: Ball 2-0: Foul Ball, location: 2F 2-1: Ground out 6-3 (Groundball, 6M, EV 80.6 MPH)
|
Batting: RHB German Quiroga
|
0-0: Ball 1-0: Ball 2-0: Called Strike 2-1: Called Strike 2-2: Ball 3-2: Foul Ball, location: 2F 3-2: Base on Balls
|
Batting: RHB Scott Carr
|
0-0: Ball 1-0: Ball 2-0: Ball 3-0: Called Strike 3-1: Called Strike 3-2: Foul Ball, location: 2F 3-2: Fly out, F8 (Flyball, 89M, EV 91.9 MPH)
|
Batting: LHB George Moran
|
0-0: Ball 1-0: Fly out, F8 (Flyball, 78D, EV 96.2 MPH)
|
Top of the 2nd over - 0 runs, 0 hits, 0 errors, 1 left on base; West Michigan 0 - Bowling Green 5 |
BOTTOM OF THE 2ND |
Bowling Green Hot Rods batting - Pitching for West Michigan Whitecaps : LHP Jim Daum
|
Batting: RHB Kunizo Yanagisawa
|
0-0: Ball 1-0: SINGLE (Groundball, 56S, EV 69.4 MPH) (infield hit)
|
Batting: SHB Wayne Hattan
|
0-0: Ball 1-0: Foul Ball, location: 2F 1-1: Ball 2-1: Fly out, F8 (Line Drive, 8LM, EV 109.4 MPH)
|
Batting: RHB Adam Turpin
|
0-0: Foul Ball, location: 2F 0-1: Foul Ball, location: 2F 0-2: SINGLE (Groundball, 13S, EV 61.2 MPH) (infield hit) Kunizo Yanagisawa to second
|
Batting: RHB Jason Penfield
|
0-0: Ball 1-0: Ball 2-0: Called Strike 2-1: Foul Ball, location: 2F 2-2: Foul Ball, location: 2F Balk! Kunizo Yanagisawa to third Adam Turpin to second 2-2: Foul Ball, location: 2F 2-2: Ball 3-2: DOUBLE (Line Drive, 89XD, EV 103.8 MPH) Kunizo Yanagisawa scores Adam Turpin scores
|
Pitching: RHP T.J. McCullough
|
|
Batting: RHB Alex Zamora
|
0-0: Called Strike 0-1: Swinging Strike 0-2: Ball 1-2: Fly out, F7 (Flyball, 7, EV 96.2 MPH)
|
Batting: RHB Jim Erdody
|
0-0: Ball 1-0: Ground out 4-3 (Groundball, 4M, EV 108.1 MPH)
|
Bottom of the 2nd over - 2 runs, 3 hits, 0 errors, 1 left on base; West Michigan 0 - Bowling Green 7 |
TOP OF THE 3RD |
West Michigan Whitecaps batting - Pitching for Bowling Green Hot Rods : LHP Dave Lindsay
|
Batting: LHB Jon Pedlar
|
0-0: Called Strike 0-1: Ball 1-1: DOUBLE (Groundball, 3L, EV 96.2 MPH)
|
Batting: LHB Steve Herrera
|
0-0: Swinging Strike 0-1: Foul Ball, location: 2F 0-2: Ball 1-2: Strikes out swinging
|
Batting: SHB Willie Medina
|
0-0: SINGLE (Groundball, 25, EV 61.9 MPH) (infield hit) Jon Pedlar to third
|
Batting: LHB Nick Nino
|
0-0: Ball 1-0: Called Strike 1-1: Swinging Strike 1-2: SINGLE (Line Drive, 78M, EV 88.8 MPH) Jon Pedlar scores Willie Medina to second
|
Batting: LHB Jamie Christian
|
0-0: Swinging Strike 0-1: Called Strike 0-2: Strikes out swinging
|
Batting: RHB Jon Goldstein
|
0-0: Swinging Strike 0-1: Ball 1-1: Ball 2-1: Ball 3-1: Foul Ball, location: 2F 3-2: Foul Ball, location: 2F 3-2: Foul Ball, location: 2F 3-2: Strikes out looking
|
Top of the 3rd over - 1 run, 3 hits, 0 errors, 2 left on base; West Michigan 1 - Bowling Green 7 |
BOTTOM OF THE 3RD |
Bowling Green Hot Rods batting - Pitching for West Michigan Whitecaps : RHP T.J. McCullough
|
Batting: RHB Eric Waugaman
|
0-0: Ball 1-0: Ground out 6-3 (Groundball, 6S, EV 86.9 MPH)
|
Batting: RHB Chris Glavin
|
0-0: Ball 1-0: Foul Ball, location: 2F 1-1: Called Strike 1-2: Ball 2-2: Ball 3-2: Ground out 6-3 (Groundball, P, EV 82.5 MPH)
|
Batting: RHB Jesse Haddad
|
0-0: Fly out, F7 (Flyball, 78M, EV 88.1 MPH)
|
Bottom of the 3rd over - 0 runs, 0 hits, 0 errors, 0 left on base; West Michigan 1 - Bowling Green 7 |
TOP OF THE 4TH |
West Michigan Whitecaps batting - Pitching for Bowling Green Hot Rods : LHP Dave Lindsay
|
Batting: RHB German Quiroga
|
0-0: Reached via error on a dropped throw from 1B, E1 (Groundball, 34, EV 82.5 MPH)
|
Batting: RHB Scott Carr
|
0-0: Called Strike 0-1: Called Strike 0-2: Strikes out swinging
|
Batting: LHB George Moran
|
0-0: Swinging Strike 0-1: Foul Ball, location: 2F 0-2: Ball 1-2: Grounds into double play, 5-4-3 (Groundball, 56, EV 84.4 MPH)
|
Top of the 4th over - 0 runs, 0 hits, 1 error, 0 left on base; West Michigan 1 - Bowling Green 7 |
BOTTOM OF THE 4TH |
Bowling Green Hot Rods batting - Pitching for West Michigan Whitecaps : RHP T.J. McCullough
|
Batting: RHB Kunizo Yanagisawa
|
0-0: Ball 1-0: Ball 2-0: Foul Ball, location: 2F 2-1: Fly out, F8 (Flyball, 8LD, EV 89.4 MPH)
|
Batting: SHB Wayne Hattan
|
0-0: Swinging Strike 0-1: Ball 1-1: Foul Ball, location: 2F 1-2: Ball 2-2: Fly out, F9 (Flyball, 89M, EV 89.4 MPH)
|
Batting: RHB Adam Turpin
|
0-0: Swinging Strike 0-1: Called Strike 0-2: SINGLE (Groundball, 56D, EV 93.8 MPH)
|
Batting: RHB Jason Penfield
|
0-0: Ball 1-0: Ball 2-0: Called Strike 2-1: DOUBLE (Groundball, 5L, EV 102.5 MPH) Adam Turpin to third Runner from 3rd tries for Home, throw by LF and OUT! 7-6-2
|
Bottom of the 4th over - 0 runs, 2 hits, 0 errors, 1 left on base; West Michigan 1 - Bowling Green 7 |
TOP OF THE 5TH |
West Michigan Whitecaps batting - Pitching for Bowling Green Hot Rods : LHP Dave Lindsay
|
Batting: LHB Jon Pedlar
|
0-0: Foul Ball, location: 2F 0-1: Swinging Strike 0-2: Ground out 6-3 (Groundball, 6, EV 93.8 MPH)
|
Batting: LHB Steve Herrera
|
0-0: Called Strike 0-1: Ball 1-1: Swinging Strike 1-2: Strikes out swinging
|
Batting: SHB Willie Medina
|
0-0: Called Strike 0-1: Foul Ball, location: 2F 0-2: Ball 1-2: Ball 2-2: Foul Ball, location: 2F 2-2: SINGLE (Groundball, 34D, EV 107.5 MPH) (infield hit)
|
Batting: LHB Nick Nino
|
0-0: Called Strike 0-1: Called Strike 0-2: Ball 1-2: Foul Ball, location: 2F 1-2: Ball Willie Medina is caught stealing 2nd base 2-6
|
Top of the 5th over - 0 runs, 1 hit, 0 errors, 0 left on base; West Michigan 1 - Bowling Green 7 |
BOTTOM OF THE 5TH |
Bowling Green Hot Rods batting - Pitching for West Michigan Whitecaps : RHP T.J. McCullough
|
Batting: RHB Alex Zamora
|
0-0: Swinging Strike 0-1: Called Strike 0-2: Ball 1-2: Ground out 6-3 (Groundball, 6, EV 81.2 MPH)
|
Batting: RHB Jim Erdody
|
0-0: Ball 1-0: Ground out 3-1 (Groundball, 34S, EV 93.8 MPH)
|
Batting: RHB Eric Waugaman
|
0-0: Called Strike 0-1: Ball 1-1: Swinging Strike 1-2: Ball 2-2: SINGLE (Line Drive, 89M, EV 88.1 MPH)
|
Pitching: RHP Jorge Castaneda
|
|
Batting: RHB Chris Glavin
|
0-0: Called Strike Eric Waugaman steals 2nd base 0-1: Swinging Strike 0-2: Strikes out looking
|
Bottom of the 5th over - 0 runs, 1 hit, 0 errors, 1 left on base; West Michigan 1 - Bowling Green 7 |
TOP OF THE 6TH |
West Michigan Whitecaps batting - Pitching for Bowling Green Hot Rods : LHP Dave Lindsay
|
Pitching: RHP Mike Oliver
|
|
Batting: LHB Nick Nino
|
0-0: Ground out 5-3 (Groundball, 5S, EV 90.0 MPH)
|
Batting: LHB Jamie Christian
|
0-0: SINGLE (Groundball, 3D, EV 96.9 MPH)
|
Batting: RHB Jon Goldstein
|
0-0: Ball 1-0: Foul Ball, location: 2F 1-1: Foul Ball, location: 2F 1-2: Ball 2-2: Ball 3-2: Fly out, F4 (Flyball, 4D, EV 95.0 MPH)
|
Batting: RHB German Quiroga
|
0-0: Called Strike 0-1: Ball 1-1: Ground out 4-3 (Groundball, 4, EV 79.4 MPH)
|
Top of the 6th over - 0 runs, 1 hit, 0 errors, 1 left on base; West Michigan 1 - Bowling Green 7 |
BOTTOM OF THE 6TH |
Bowling Green Hot Rods batting - Pitching for West Michigan Whitecaps : RHP Jorge Castaneda
|
Batting: RHB Jesse Haddad
|
0-0: Ball 1-0: Ground out 6-3 (Groundball, 6S, EV 80.6 MPH)
|
Batting: RHB Kunizo Yanagisawa
|
0-0: Ball 1-0: Ball 2-0: Swinging Strike 2-1: Ball 3-1: SINGLE (Groundball, 25, EV 74.4 MPH) (infield hit)
|
Batting: SHB Wayne Hattan
|
0-0: Called Strike Kunizo Yanagisawa steals 2nd, throwing error, E2 Kunizo Yanagisawa to third 0-1: Called Strike 0-2: Strikes out swinging
|
Batting: RHB Adam Turpin
|
0-0: Foul Ball, location: 2F 0-1: Called Strike 0-2: Strikes out swinging
|
Bottom of the 6th over - 0 runs, 1 hit, 1 error, 1 left on base; West Michigan 1 - Bowling Green 7 |
TOP OF THE 7TH |
West Michigan Whitecaps batting - Pitching for Bowling Green Hot Rods : RHP Mike Oliver
|
Batting: RHB Scott Carr
|
0-0: Foul Ball, location: 2F 0-1: Foul Ball, location: 2F 0-2: Ball 1-2: Foul Ball, location: 2F 1-2: Foul Ball, location: 2F 1-2: Ball 2-2: Ball 3-2: Strikes out swinging
|
Batting: LHB George Moran
|
0-0: Foul Ball, location: 2F 0-1: Called Strike 0-2: Foul Ball, location: 2F 0-2: Fly out, F3 (Line Drive, 34, EV 65.6 MPH)
|
Batting: LHB Jon Pedlar
|
0-0: Hit by Pitch
|
Batting: LHB Steve Herrera
|
0-0: Ball Jon Pedlar steals 2nd base (no throw) 1-0: Called Strike 1-1: Swinging Strike 1-2: Foul Ball, location: 2F 1-2: Strikes out looking
|
Top of the 7th over - 0 runs, 0 hits, 0 errors, 1 left on base; West Michigan 1 - Bowling Green 7 |
BOTTOM OF THE 7TH |
Bowling Green Hot Rods batting - Pitching for West Michigan Whitecaps : RHP Jorge Castaneda
|
Batting: RHB Jason Penfield
|
0-0: Called Strike 0-1: Ball 1-1: Foul Ball, location: 2F 1-2: Ball 2-2: Ball 3-2: Reached on error, E4 (Groundball, P, EV 88.1 MPH)
|
Batting: RHB Alex Zamora
|
0-0: Ball 1-0: Ball 2-0: Foul Ball, location: 2F 2-1: Foul Ball, location: 2F 2-2: Strikes out swinging
|
Batting: RHB Jim Erdody
|
0-0: Called Strike 0-1: Ball 1-1: Foul Ball, location: 2F 1-2: Ball 2-2: SINGLE (Groundball, 6S, EV 66.9 MPH) (infield hit) Jason Penfield to second
|
Batting: RHB Eric Waugaman
|
0-0: Ball 1-0: Ball 2-0: Called Strike 2-1: Fielders Choice at 2nd, U6 (Groundball, 4M, EV 105.0 MPH) Jason Penfield to third
|
Batting: RHB Chris Glavin
|
0-0: Ball 1-0: Called Strike 1-1: Called Strike 1-2: Strikes out swinging
|
Bottom of the 7th over - 0 runs, 1 hit, 1 error, 2 left on base; West Michigan 1 - Bowling Green 7 |
TOP OF THE 8TH |
West Michigan Whitecaps batting - Pitching for Bowling Green Hot Rods : RHP Mike Oliver
|
Batting: SHB Willie Medina
|
0-0: Foul Ball, location: 2F 0-1: Called Strike 0-2: Ball 1-2: Strikes out swinging
|
Batting: LHB Nick Nino
|
0-0: Ball 1-0: Ball 2-0: Foul Ball, location: 2F 2-1: Ground out 4-3 (Groundball, 4, EV 86.9 MPH)
|
Batting: LHB Jamie Christian
|
0-0: Ground out 6-3 (Groundball, 6D, EV 87.5 MPH)
|
Top of the 8th over - 0 runs, 0 hits, 0 errors, 0 left on base; West Michigan 1 - Bowling Green 7 |
BOTTOM OF THE 8TH |
Bowling Green Hot Rods batting - Pitching for West Michigan Whitecaps : RHP Jorge Castaneda
|
Batting: RHB Jesse Haddad
|
0-0: Ball 1-0: Ball 2-0: Called Strike 2-1: Foul Ball, location: 2F 2-2: Ball 3-2: Foul Ball, location: 2F 3-2: Foul Ball, location: 2F 3-2: Strikes out swinging
|
Batting: RHB Kunizo Yanagisawa
|
0-0: Called Strike 0-1: Foul Ball, location: 2F 0-2: Ball 1-2: Ball 2-2: Ground out 5-3 (Groundball, 56S, EV 66.9 MPH)
|
Batting: SHB Wayne Hattan
|
0-0: Called Strike 0-1: Ball 1-1: Fly out, F7 (Flyball, 7LSF, EV 76.2 MPH)
|
Bottom of the 8th over - 0 runs, 0 hits, 0 errors, 0 left on base; West Michigan 1 - Bowling Green 7 |
TOP OF THE 9TH |
West Michigan Whitecaps batting - Pitching for Bowling Green Hot Rods : RHP Mike Oliver
|
Batting: RHB Jon Goldstein
|
0-0: Ground out 4-3 (Groundball, 4, EV 101.2 MPH)
|
Batting: RHB German Quiroga
|
0-0: Ball 1-0: Ball 2-0: Foul Ball, location: 2F 2-1: Ground out 4-3 (Groundball, 4, EV 91.2 MPH)
|
Batting: RHB Scott Carr
|
0-0: Ball 1-0: Ball 2-0: Foul Ball, location: 2F 2-1: Foul Ball, location: 2F 2-2: Ground out 5-3 (Groundball, 56S, EV 89.4 MPH)
|
Top of the 9th over - 0 runs, 0 hits, 0 errors, 0 left on base; West Michigan 1 - Bowling Green 7 |
|